 Dungeon Crawl Stone Soup version 0.31.0-9-g3a7656b989 (webtiles) character file.

Game seed: 9580537722644357723

191 qw the Skirmisher (level 5, -2/29 HPs)
             Began as a Deep Elf Hunter on Feb 2, 2024.
             Incinerated by a bombardier beetle (4 damage)
             ... with a burning spray
             ... on level 4 of the Dungeon.
             The game lasted 00:00:08 (2405 turns).

qw the Skirmisher (Deep Elf Hunter)                 Turns: 2405, Time: 00:00:09

Health: -2/29      AC:  4    Str: 10    XL:     5   Next: 42%
Magic:  7/7        EV: 12    Int: 14    God:
Gold:   131        SH:  0    Dex: 18    Spells: 4/4 levels left

rFire   . . .        a - +1 shortbow
rCold   + . .        (shield currently unavailable)
rNeg    . . .        c - +0 leather armour
rPois   .            g - +1 hat
rElec   .            (no cloak)
rCorr   .            (no gloves)
SInv    .            (no boots)
Will    .....        (no amulet)
Stlth   +            d - ring of protection from cold
HPRegen 0.24/turn    (no ring)
MPRegen 0.10/turn

%: no passive effects
@: on fire, glowing
A: no striking features
a: no special abilities


You were on level 4 of the Dungeon.
You visited 1 branch of the dungeon, and saw 4 of its levels.

You collected 131 gold pieces.


   Skills:
 - Level 1.5 Fighting
 + Level 8.9 Ranged Weapons
 - Level 2.4 Dodging
 - Level 1.2 Stealth


You had 4 spell levels left.
You didn't know any spells.
Your spell library was empty.

Inventory:

Hand Weapons
 a - a +1 shortbow (weapon)
Armour
 c - a +0 leather armour (worn)
 f - a +0 scale mail
 g - a +1 hat (worn)
Jewellery
 d - a ring of protection from cold (left hand)
Wands
 b - a wand of polymorph (3)
Scrolls
 k - a scroll of teleportation
Potions
 e - a potion of haste
 h - a potion of curing {unknown}
 i - a potion of enlightenment {unknown}
 j - a potion of mutation {unknown}

Dungeon Overview and Level Annotations

Branches:
Dungeon (4/15)
 Temple: D:4-7

Altars:
Ashenzari
Qazlal
Sif Muna

Shops:
D:2 [

Annotations:
D:3 1 runed translucent door, Crazy Yiuf


Message History

There is an open door here.
A bombardier beetle comes into view.
Found a glowing flail.
You shoot an arrow.
The arrow hits the bombardier beetle but does no damage.
You shoot an arrow.
The arrow hits the bombardier beetle but does no damage.
You shoot an arrow. The arrow hits the bombardier beetle.
The bombardier beetle is lightly wounded.
The bombardier beetle sprays incendiary fluid at you.
The burning spray hits you.
You are covered in liquid fire!
You shoot an arrow.
The arrow hits the bombardier beetle but does no damage.
The bombardier beetle is lightly wounded.
The liquid fire burns you!
You shoot an arrow. The arrow hits the bombardier beetle.
The bombardier beetle is heavily wounded.
The liquid fire burns you!
The bombardier beetle sprays incendiary fluid at you.
The burning spray hits you.
You are even more covered in liquid fire!
You shoot an arrow.
The arrow hits the bombardier beetle but does no damage.
The bombardier beetle is heavily wounded.
The liquid fire burns you!
You shoot an arrow.
The arrow barely misses the bombardier beetle.
The liquid fire burns you!
You shoot an arrow. The arrow hits the bombardier beetle.
The bombardier beetle is heavily wounded.
The liquid fire burns you!
The bombardier beetle sprays incendiary fluid at you.
The burning spray misses you.
You shoot an arrow. The arrow hits the bombardier beetle!
You kill the bombardier beetle!
The liquid fire burns you!
You are on fire!
The liquid fire burns you!
You die...

......#
#.....#..#
..........
...####
#.....#..#
..........
.### #.....#
.......<.. ##
#.....#
...####....
#.....####...
###'#
#####........
#...
#........
#...
#........
#..#
#@.......
#..#
#.....#######
#... #.....#
#... #)....#
#... #.....#
#..# #.....#
#### #.....#
#... #.....#
#... ####


There were no monsters in sight!

Vanquished Creatures
  A bombardier beetle (D:4)
  Natasha (twice) (D:2)
  4 adders
  2 dart slugs
  A ribbon worm (D:4)
  8 ball pythons
  15 bats
  3 endoplasms
  3 giant cockroaches
  5 goblins
  5 hobgoblins
  4 jackals (D:1)
  4 kobolds
  2 quokkas
  3 frilled lizards
  3 rats
65 creatures vanquished.

Notes
Turn   | Place    | Note
-------+----------+-------------------------------------------
     0 | D:1      | qw the Deep Elf Hunter began the quest for the Orb.
     0 | D:1      | Reached XP level 1. HP: 12/12 MP: 3/3
     0 | D:1      | 0 ||| qw: Version: 0.3-a-155-g5e7d8dd
     0 | D:1      | 0 ||| qw: Game counter: 1017
     0 | D:1      | 0 ||| qw: Melee chars always use a shield: true
     0 | D:1      | 0 ||| qw: God list: Okawaru
     0 | D:1      | 0 ||| qw: Allow faded altars: false
     0 | D:1      | 0 ||| qw: Do Orc after clearing Dungeon:15 true
     0 | D:1      | 0 ||| qw: Do second Lair branch before Depths: true
     0 | D:1      | 0 ||| qw: Lair rune preference: random
     0 | D:1      | 0 ||| qw: Goals: Normal
     0 | D:1      | 0 ||| PLANNING D:1-11
    78 | D:1      | Reached XP level 2. HP: 16/16 MP: 4/4
   105 | D:1      | Reached skill level 6 in Ranged Weapons
   367 | D:1      | Reached XP level 3. HP: 20/20 MP: 5/5
   562 | D:1      | 562 ||| UPGRADING to ring of protection from cold.
   563 | D:1      | 563 ||| READING scroll labelled VYDDOE KORCHE.
   564 | D:1      | 564 ||| READING scroll labelled APTESI OJIEFO.
   567 | D:1      | 567 ||| READING scroll labelled XEFROUCR OVUANTUT.
   567 | D:1      | 567 ||| IDENTIFYING viscous orange potion
   568 | D:1      | 568 ||| DRINKING 2 sedimented ruby potions.
   569 | D:1      | 569 ||| DROPPING scroll of butterflies.
   570 | D:1      | 570 ||| DROPPING potion of magic.
   593 | D:2      | Found Iluevvu's Antique Armour Shop.
   603 | D:2      | 603 ||| SHOPLISTING pair of glowing boots (180 gold, have
                  | 46).
   603 | D:2      | 603 ||| SHOPLISTING ring mail (96 gold, have 46).
   603 | D:2      | 603 ||| SHOPLISTING shiny ring mail (168 gold, have 46).
   682 | D:2      | Reached skill level 7 in Ranged Weapons
   952 | D:2      | Noticed Natasha
   954 | D:2      | Killed Natasha
   954 | D:2      | Noticed Natasha
   955 | D:2      | Reached XP level 4. HP: 25/25 MP: 6/6
   960 | D:2      | Killed Natasha
   964 | D:2      | 964 ||| UPGRADING to +1 hat.
   969 | D:2      | 969 ||| READING scroll labelled YDDIKIA KAXU.
   970 | D:2      | 970 ||| READING scroll labelled USKECL ABAD.
   970 | D:2      | 970 ||| ENCHANTING +0 shortbow.
   971 | D:2      | 971 ||| READING scroll labelled JOROPA NENIH.
   973 | D:2      | 973 ||| Stepping ~*~*~tactically~*~*~ (cloud).
   978 | D:2      | HP: 6/25 [poisoned by you (poison gas)]
  1184 | D:3      | Reached skill level 8 in Ranged Weapons
  1318 | D:3      | Found a stormy altar of Qazlal.
  1325 | D:3      | Found a shimmering blue altar of Sif Muna.
  1394 | D:3      | Found a runed translucent door.
  1395 | D:3      | Noticed Crazy Yiuf
  1718 | D:3      | 1718 ||| READING 3 scrolls labelled YRUSAMM EKLYTI.
  1719 | D:3      | 1719 ||| READING scroll labelled CEFFIY WEFA.
  1720 | D:3      | 1720 ||| READING scroll labelled CUNEAMP SELI.
  1821 | D:3      | 1821 ||| READING scroll labelled WUFAIV UMPOIGH.
  1922 | D:3      | 1922 ||| DROPPING 2 scrolls of blinking.
  2149 | D:4      | Reached XP level 5. HP: 29/29 MP: 7/7
  2168 | D:4      | Found a broken altar of Ashenzari.
  2403 | D:4      | HP: 7/29 [burnt (7)]
  2404 | D:4      | HP: 2/29 [burnt (6)]
  2405 | D:4      | Incinerated by a bombardier beetle

Levels and vault maps discovered:
D:1:      psy_arrival_dodecagon, layout_loops_ring, minmay_misc_feat_ornament
D:2:      layout_rooms, serial_shops, shop, minmay_tiny_reverse_x, uniq_natasha
D:3:      layout_basic, mainiacjoe_overflow_big_doors, serial_glass,
          glass_columns_b, glass_columns_a, roderic_malta_cross,
          uniq_crazy_yiuf_cottage
D:4:      layout_gridville, kennysheep_mini

Skill      XL: |  1  2  3  4 |
---------------+-------------+-----
Ranged Weapons | 6 7 8 |  8.9
Fighting       | |  1.5
Dodging        | |  2.4
Stealth        | |  1.2

Action                     |  1- 3 |  4- 6 || total
---------------------------+-------+-------++-------
   Fire: Shortbow          |    82 |    73 ||   155
    Use: Scroll            |     3 |     7 ||    10
         Potion            |     1 |       ||     1
 Armour: Leather armour    |     8 |    11 ||    19
  Dodge: Dodged            |    17 |    14 ||    31

Table legend:
 A = Non-vault XP
 B = Vault XP
 C = Vault XP percentage of total XP
 D = Non-vault monster count
 E = Vault monster count
 F = Vault count percentage of total count
                 A         B        C        D         E       F
            +---------+---------+-------+---------+---------+-------
      Total |     234 |      40 |  14.6 |      62 |       3 |   4.6
            +---------+---------+-------+---------+---------+-------
        D:1 |      50 |       0 |   0.0 |      30 |       0 |   0.0
        D:2 |      51 |      40 |  44.0 |       9 |       3 |  25.0
        D:3 |      37 |       0 |   0.0 |      15 |       0 |   0.0
        D:4 |      96 |       0 |   0.0 |       8 |       0 |   0.0
            +---------+---------+-------+---------+---------+-------
